Match 48572027
Unlisted

Match 48572027
End
Selects Luftwaffe Battlegroup
Selects Luftwaffe Pioneer Support
Fallschirmpioneer Squad Paradrop
Kettenkrad Recon Vehicle
Construct Infanterie Kompanie
MG 42 Machine Gun Team
Grenadier Squad
Construct Panzergrenadier Kompanie
Selects Stuka Strafing Run
Panzergrenadier Squad
Stuka Strafing Run
Pak 40 Anti-tank Gun Team
Selects Fallschirmjäger Squad Paradrop
Fallschirmjäger Squad Paradrop
Stuka Strafing Run
Construct Panzer Kompanie
Stuka Strafing Run
Selects LG40 Recoilless Gun Paradrop
Selects Flak 38 Anti-Air Emplacement
Fallschirmjäger Squad Paradrop
Selects Infantry Reserves
Panzer IV Medium Tank
Panzer IV Medium Tank
Fallschirmpioneer Squad Paradrop
Selects Fragmentation Bombs
Panzer IV Medium Tank
Fragmentation Bombs
Pak 40 Anti-tank Gun Team
Fallschirmjäger Squad Paradrop
Fragmentation Bombs
Stuka Strafing Run
Panzer IV Medium Tank
Pioneer Squad
Fragmentation Bombs
Fallschirmjäger Squad Paradrop
Stuka Strafing Run
Pioneer Squad
Stuka Strafing Run
Angrybirds
el menda lerenda
Personal Iroha Cushion
4IRT
0
0

Comments sign in to comment!

No comments posted yet!